Map: [ESL] Gresvan

Players

PiG - Winner!

  • Race: Terran Terran
  • League: Master
  • Spawn Location: 5:00

AlSikandar

  • Race: Zerg Zerg
  • Spawn Location: 11:00

VOD

https://www.youtube.com/playlist?list=PLOrKQEirgvjBrkg_LERyoNc_WYX2C2tgI

Description

Time

  • Played on: Aug. 15, 2023, 7:01 p.m.
  • Length: 10:57
Show
View Real Time Build Order
Export as new Build Order

PiG Terran - Winner!

Build Orders:  

Get SALT Encoding   

  12  0:01  SCV  
  13  0:13  SCV  
  14  0:18  Supply Depot  
  14  0:25  SCV  
  15  0:40  SCV  
  15  0:41  Barracks  
  16  0:45  Refinery  
  16  0:52  SCV  
  17  1:04  SCV  
  18  1:16  SCV  
  19  1:29  Orbital Command, Barracks Reactor  
  19  1:41  Command Center  
  19  1:58  SCV  
  19  2:00  Supply Depot  
  20  2:10  SCV  
  20  2:12  Factory  
  21  2:19  Refinery  
  21  2:20  Marine  
  21  2:21  Marine  
  21  2:22  SCV  
  24  2:28  Bunker  
  24  2:34  SCV  
  25  2:40  Marine x2  
  27  2:46  SCV  
  28  2:56  Factory Tech Lab  
  28  2:57  Marine  
  28  2:58  Starport  
  29  3:00  SCV  
  29  3:05  Orbital Command  
  30  3:09  Marine  
  31  3:13  SCV  
  31  3:15  Marine  
  33  3:20  Siege Tank  
  33  3:25  SCV  
  37  3:31  SCV  
  37  3:34  Marine  
  39  3:36  Marine  
  39  3:37  SCV  
  41  3:43  Viking, SCV  
  44  3:49  SCV  
  45  3:59  Supply Depot  
  45  4:01  Supply Depot  
  45  4:02  SCV  
  46  4:06  Marine x2  
  46  4:07  SCV  
  49  4:13  Starport Reactor  
  49  4:14  SCV  
  50  4:17  Factory Reactor  
  50  4:19  SCV  
  51  4:26  SCV  
  51  4:31  SCV  
  53  4:32  Barracks  
  53  4:33  Barracks  
  53  4:35  Barracks  
  54  4:38  SCV  
  54  4:42  Supply Depot x2  
  54  4:43  SCV  
  55  4:50  SCV  
  55  4:51  Marine x2  
  58  4:55  SCV  
  59  5:02  SCV  
  60  5:07  Starport Reactor, SCV  
  60  5:10  Factory Tech Lab  
  60  5:12  Refinery  
  60  5:13  Refinery, Engineering Bay  
  59  5:19  Supply Depot  
  59  5:30  Barracks  
  59  5:37  Stimpack  
  59  5:47  Marauder, Marine  
  62  5:54  SCV x2  
  64  5:59  Marine x4  
  64  6:00  Medivac x2, Siege Tank  
  75  6:06  SCV x2  
  75  6:08  Marauder  
  75  6:09  Terran Infantry Weapons Level 1  
  79  6:18  Barracks Tech Lab  
  79  6:27  Marine  
  79  6:28  Marine x5  
  79  6:30  Medivac x2, Marauder  
  79  6:32  Siege Tank  
  94  6:33  Supply Depot  
  94  6:36  Supply Depot  
  94  6:43  Combat Shield  
  94  6:55  Marine x6, Marauder  
  94  6:57  Supply Depot  
  94  6:58  Supply Depot  
  102  7:13  Marine  
  103  7:16  Concussive Shells  
  103  7:17  Marauder x2, Marine x3  
  103  7:18  Marine x2  
  103  7:19  Medivac, Siege Tank  
  103  7:20  Medivac  
  119  7:23  Supply Depot  
  119  7:26  Supply Depot  
  119  7:30  Marine  
  119  7:34  Marine  
  119  7:35  Marine x2  
  119  7:36  Marine x2  
  125  7:38  Marine  
  126  7:45  Marauder  
  126  7:48  Marine  
  126  7:51  Supply Depot  
  129  7:52  Marine x3  
  129  7:54  Marine x2, Supply Depot  
  129  7:56  Marauder  
  136  8:06  Marine, Marauder  
  136  8:10  Marine x3  
  142  8:14  Supply Depot  
  142  8:16  Supply Depot  
  142  8:17  Marauder  
  144  8:28  Marauder  
  146  8:36  Supply Depot  
  146  8:42  Marauder, Marine x6  
  146  8:44  Siege Tank  
  146  8:45  Medivac  
  159  8:49  Marauder  
  159  8:51  Supply Depot  
  159  8:55  Terran Infantry Armor Level 1  
  161  8:59  Supply Depot  
  161  9:00  Marine x6  
  167  9:03  Marauder  
  168  9:10  Marauder  
  170  9:18  Marine x3  
  172  9:35  Marine x4, Marauder x2  
  172  9:36  Marine x2  
  182  9:39  Siege Tank  
  185  9:53  Marine x5  
  185  9:54  Marine  
  185  9:56  Marine  
  185  9:57  Marauder  
  194  10:11  Marine x3  
Show
View Real Time Build Order
Export as new Build Order

AlSikandar Zerg 

Build Orders: Pool First 

Get SALT Encoding   

  12  0:00  Drone  
  13  0:10  Drone  
  14  0:19  Overlord  
  14  0:39  Drone x3  
  17  0:42  Extractor  
  17  0:48  Spawning Pool  
  15  1:10  Hatchery  
  14  1:16  Drone  
  15  1:22  Drone x2  
  17  1:30  Drone  
  18  1:40  Queen  
  18  1:45  Drone  
  21  1:55  Drone  
  22  2:03  Metabolic Boost  
  22  2:07  Extractor, Drone  
  22  2:10  Overlord  
  22  2:22  Queen  
  24  2:27  Queen  
  26  2:35  Zergling x4  
  28  2:52  Drone x6  
  28  2:53  Drone  
  35  3:15  Overlord  
  35  3:16  Hatchery  
  34  3:52  Drone x6  
  34  3:53  Drone x4  
  34  3:54  Overlord x2  
  44  4:08  Lair  
  44  4:12  Queen  
  46  4:17  Evolution Chamber  
  46  4:23  Baneling Nest  
  44  4:28  Drone x4  
  44  4:29  Drone  
  49  4:32  Drone  
  49  4:36  Drone x2  
  52  4:46  Zerg Melee Weapons Level 1  
  52  4:53  Drone  
  52  4:54  Drone x7  
  60  5:00  Extractor  
  60  5:01  Extractor  
  58  5:19  Centrifugal Hooks  
  58  5:23  Zergling x2  
  58  5:24  Zergling x14  
  58  5:25  Overlord x2  
  58  5:26  Overlord x3  
  66  5:50  Drone x4  
  66  5:51  Drone x2  
  72  5:59  Drone  
  72  6:00  Drone x3  
  72  6:01  Zergling x14  
  83  6:04  Baneling x12  
  83  6:05  Baneling x8  
  83  6:14  Overseer  
  83  6:32  Nydus Network  
  82  6:36  Zergling x14  
  82  6:37  Zergling x4  
  82  6:38  Overlord  
  91  6:41  Zerg Ground Armor Level 1  
  91  6:49  Zergling x6  
  93  7:25  Zergling x26  
  106  7:33  Nydus Canal  
  106  7:43  Overseer  
  106  7:52  Nydus Canal  
  106  8:42  Overlord x9  
  65  9:31  Zergling x32  
  68  9:32  Zergling x4  
  68  9:36  Queen x3  
  89  9:51  Baneling  
  89  9:52  Baneling x25  
  89  9:53  Baneling x10  
  66  10:20  Zergling x20  
  66  10:21  Zergling x14  
Tags
 
Add a new tag
Caveats
  • Supply blocks, unpowered buildings, or Contaminate may cause inaccurate times.
  • Supply counts are checked every 10 seconds.